[Event "Pia Cramling Ladies Open 2018"]
[Site "Stockholm"]
[Date "2018.09.01"]
[Round "1"]
[White "Andersson, Christin"]
[Black "Akerlund, Lucia"]
[Result "1-0"]
[ECO "C40"]
[WhiteElo "2077"]
[BlackElo "1339"]
[Annotator "NA RC"]
[PlyCount "57"]
[EventDate "2018.09.01"]
[EventType "swiss"]
[EventCountry "SWE"]
[SourceTitle "playchess.com"]
[Source "ChessBase"]
[SourceQuality "1"]
[TimeControl "1800+10"]

1. e4 e5 2. Nf3 d5 3. Nxe5 Qf6 4. d4 Bd6 5. Bd3 (5. exd5 $18 Ne7 6. Nc3) 5... Bxe5 6. dxe5 Qc6 $2 ({Better is} 6... Qxe5 $14 7. Nc3 dxe4) 7. exd5 Qxd5 {[%emt 0:00:23] [#]} 8. O-O $1 Ne7 9. Bf4 ({White should play} 9. Nc3 $18 Qd8 10. Qh5) 9... O-O (9... Bf5 $16 {is a better defense.} 10. Nc3 Qd7) 10. Nc3 Qc6 11. Be4 Qa6 (11... Qc5 {is a better defense.} 12. e6 (12. Qh5 f5 $18) 12... fxe6) 12. Qf3 Nd7 13. Rad1 Nc5 14. Nd5 (14. Bg5 $18 Nxe4 15. Qxe4 (15. Bxe7 Nxc3 16. Qxc3 Re8 $14)) 14... Nxd5 15. Bxd5 c6 16. Bb3 Bf5 $2 (16... Nxb3 $16 17. axb3 Bf5) 17. Be3 $1 Be4 18. Qf4 Nxb3 19. Qxe4 Na5 20. b3 b5 $2 (20... c5 21. Rd6 Nc6 22. Bxc5 Rfe8) 21. Rd6 Rac8 $2 (21... Rae8 22. Rd7 Nb7) 22. Qg4 Rce8 23. Bh6 g6 24. Bxf8 Rxf8 25. e6 Qb7 26. Rd7 Qb8 27. exf7+ Rxf7 28. Qe6 (28. Rxf7 $142 Kxf7 29. Qd7+ Kf6 30. Re1) 28... Qf8 29. Rxa7 $18 (29. Rfd1 $142 a6 30. Rxf7 Qxf7 31. Rd8+ Kg7 32. Rd7 Qxd7 33. Qxd7+ Kf6 34. Qd8+ Ke6 35. Qxa5) 1-0

[Event "Pia Cramling Ladies Open 2018"]
[Site "Stockholm"]
[Date "2018.09.01"]
[Round "1"]
[White "Tuominen, Tanja"]
[Black "Mirabdulla, Zulfiya"]
[Result "1-0"]
[ECO "C47"]
[WhiteElo "2076"]
[BlackElo "1350"]
[Annotator "NA RC"]
[PlyCount "43"]
[EventDate "2018.09.01"]
[EventType "swiss"]
[EventCountry "SWE"]
[SourceTitle "playchess.com"]
[Source "ChessBase"]
[SourceQuality "1"]
[TimeControl "1800+10"]

1. e4 e5 2. Nf3 Nc6 3. Nc3 Nf6 4. d4 exd4 5. Nxd4 Bb4 6. Nxc6 bxc6 7. Bd3 Bxc3+ 8. bxc3 O-O 9. O-O {[%emt 0:00:35] LiveBook: 5 Games} Re8 10. Re1 d6 11. Bg5 h6 12. Bh4 Qe7 {[%emt 0:02:30] C47: Scotch Four Knights and Four Knights with 4 g3} ({Besser ist} 12... g5 $14 13. Bg3 Bg4) 13. f4 Bg4 $146 (13... g5 $16) ({Predecessor:} 13... Qe6 14. e5 Nd5 15. exd6 Qd7 16. Rxe8+ Qxe8 17. dxc7 Nxc7 18. Qf3 Ne6 19. Re1 Qd7 20. f5 Nc5 21. Re7 Qd5 22. Re8+ Kh7 23. Qg3 Nxd3 24. Bf6 {1-0 (24) Sebastian,D (2379)-Cladouras,P (2330) Germany 2003}) 14. Bxf6 $1 Qxf6 15. Qxg4 Qxc3 16. Rab1 Qd4+ 17. Kh1 c5 18. Qe2 d5 19. Qe3 Qc3 $2 (19... Qxe3 20. Rxe3 Rab8 21. Rxb8 Rxb8) 20. e5 c4 $18 (20... Qd4 $142 21. Qg3 c4) 21. Bh7+ Kxh7 22. Qxc3 1-0

[Event "Pia Cramling Ladies Open 2018"]
[Site "Stockholm"]
[Date "2018.09.01"]
[Round "1"]
[White "Fransson, Angelina"]
[Black "Johansson-Ohman, Linnea"]
[Result "1-0"]
[ECO "B10"]
[WhiteElo "2004"]
[BlackElo "1495"]
[Annotator "NA"]
[PlyCount "21"]
[EventDate "2018.09.01"]
[EventType "swiss"]
[EventCountry "SWE"]
[SourceTitle "playchess.com"]
[Source "ChessBase"]
[SourceQuality "1"]
[TimeControl "1800+10"]

1. e4 c6 2. Nf3 d5 3. exd5 cxd5 4. Ne5 g6 5. d4 a6 6. c3 b5 7. Bd3 Bg7 8. O-O Nd7 9. Qe2 Ngf6 10. Nc6 O-O 11. Nxd8 1-0

[Event "Pia Cramling Ladies Open 2018"]
[Site "Stockholm"]
[Date "2018.09.01"]
[Round "1"]
[White "Mariano-Wagman, Cristine Rose"]
[Black "Lindberg, Angelica"]
[Result "1-0"]
[ECO "C20"]
[WhiteElo "1906"]
[BlackElo "1349"]
[Annotator "NA RC"]
[PlyCount "51"]
[EventDate "2018.09.01"]
[EventType "swiss"]
[EventCountry "SWE"]
[SourceTitle "playchess.com"]
[Source "ChessBase"]
[SourceQuality "1"]
[TimeControl "1800+10"]

1. e4 e5 2. d3 Nc6 3. Ne2 Bc5 4. g3 d6 5. Bg2 h6 6. O-O Nf6 7. h3 O-O 8. Kh2 Re8 9. Nbc3 Be6 10. f4 Nd4 11. f5 Nxe2 12. fxe6 Nxc3 13. exf7+ Kxf7 14. bxc3 Ke7 15. d4 Bb6 16. Ba3 Kd7 17. Qd3 Kc8 18. Rad1 Kb8 19. dxe5 Nd7 20. exd6 c6 21. c4 Re5 22. Bb2 Nc5 23. Qe2 Rxe4 24. Bxe4 Qe8 25. Bxg7 Qxe4 26. Rf8+ {[%emt 0:00:38] Kc7 [%clk 0:02:15]} 1-0

[Event "Pia Cramling Ladies Open 2018"]
[Site "Stockholm"]
[Date "2018.09.01"]
[Round "1"]
[White "Tolstoy, Anastasia"]
[Black "Bengtsson, Jessica"]
[Result "0-1"]
[ECO "B30"]
[WhiteElo "1228"]
[BlackElo "1986"]
[Annotator "NA RC"]
[PlyCount "134"]
[EventDate "2018.09.01"]
[EventType "swiss"]
[EventCountry "SWE"]
[SourceTitle "playchess.com"]
[Source "ChessBase"]
[SourceQuality "1"]
[TimeControl "1800+10"]

1. e4 c5 2. Nf3 Nc6 3. b3 e5 4. Bb2 d6 5. d3 {[%emt 0:01:35] B50: Sicilian: 2...d6, Miscellaneous} (5. Bc4 g6 6. Nc3 Bg7 7. Nd5 Nge7 8. Qe2 a6 9. a4 O-O 10. O-O Nxd5 11. Bxd5 Nb4 12. Ne1 Nxd5 13. exd5 Re8 {0-1 (63) Kilic,E (2317)-Alekseenko,K (2627) Ankara 2018}) 5... Nf6 6. Nbd2 Be7 7. a4 $146 ({Predecessor:} 7. g3 O-O 8. Bg2 h6 9. O-O Be6 10. Ne1 Qd7 11. f4 Bh3 12. f5 Bxg2 13. Nxg2 {½-½ (42) Papp Zoltan,C (2350)-Lipinsky,F (2395) Szeged 1998}) 7... O-O 8. Nc4 Bg4 9. Be2 h6 10. h3 Be6 11. Qd2 a6 12. g4 Nh7 13. Ne3 Ng5 14. Ng2 Nxf3+ 15. Bxf3 Nd4 16. Bxd4 cxd4 17. Rc1 $2 (17. O-O $17 {was necessary.}) 17... Bg5 18. Qd1 Qa5+ 19. Ke2 Bxc1 20. Qxc1 Rac8 21. Qd2 Qc3 22. Qxc3 Rxc3 23. Kd2 Rfc8 24. Ne1 R8c5 25. h4 a5 26. g5 hxg5 27. hxg5 g6 28. Bd1 d5 29. exd5 Bxd5 30. Rh3 Kf8 31. Nf3 Be6 32. Rh8+ Ke7 33. Ng1 Rc8 34. Rh7 Bd5 35. Ne2 R3c7 36. Ng3 Kd6 37. Rh4 Re8 38. Ne4+ Bxe4 39. Rxe4 Rh8 40. Bf3 Rh2 41. Re2 Rh3 42. Bg4 Rh4 43. Bf3 Rf4 44. Be4 Rg4 45. Bf3 Rxg5 46. Re1 Rf5 47. Bd1 Rxf2+ 48. Re2 Rxe2+ 49. Kxe2 f5 50. Kd2 e4 51. dxe4 fxe4 52. Be2 Ke5 53. Bc4 g5 54. Ke2 Rh7 55. Kf2 Kf4 56. Bd5 b6 57. Kg2 Ke3 58. Kf1 Rh2 59. Bc4 d3 60. cxd3 exd3 61. Bxd3 Kxd3 62. b4 axb4 63. a5 bxa5 64. Kg1 Re2 65. Kf1 b3 66. Kg1 b2 67. Kf1 b1=Q# 0-1

[Event "Pia Cramling Ladies Open 2018"]
[Site "Stockholm"]
[Date "2018.09.01"]
[Round "2"]
[White "Cramling Bellon, Anna"]
[Black "Andersson, Christin"]
[Result "1-0"]
[ECO "D93"]
[WhiteElo "2009"]
[BlackElo "2077"]
[Annotator "NA"]
[PlyCount "107"]
[EventDate "2018.09.01"]
[EventType "swiss"]
[EventCountry "SWE"]
[SourceTitle "playchess.com"]
[Source "ChessBase"]
[SourceQuality "1"]
[TimeControl "1800+10"]

1. d4 d5 2. c4 c6 3. Nc3 Nf6 4. Nf3 g6 5. Bf4 Bg7 6. e3 {[%emt 0:00:25] LiveBook: 410 Games} O-O 7. Bd3 Nbd7 8. cxd5 Nxd5 9. Nxd5 cxd5 10. O-O Re8 11. Bb5 {[%emt 0:01:58] D93: Grünfeld: 4 Nf3 Bg7 5 Bf4 0-0 6 e3} (11. Qb3 e5 12. Bg5 Qa5 13. dxe5 Nxe5 14. Nxe5 Bxe5 15. Bb5 Re6 16. f4 Bf6 17. Qxd5 Rb6 18. Bxf6 Rxf6 19. Rfd1 Bg4 20. Qg5 Bxd1 21. Qxf6 Qe1+ 22. Bf1 Qxe3+ 23. Kh1 Qe1 24. Kg1 Qe3+ {½-½ (24) Reis,A (2086)-Azevedo Junior,J (1802) Belem 2016}) 11... a6 12. Rc1 $146 ({Predecessor:} 12. Bxd7 Bxd7 13. b4 f6 14. Rc1 Rc8 15. Qb3 Bb5 16. Rfe1 Qd7 17. Rc5 Bc4 18. Qc2 e5 19. dxe5 Rxc5 20. bxc5 fxe5 {0-1 (35) Tunc,H (1534)-Voss,J (1823) Chemnitz 2009}) 12... e6 ({Don't blunder} 12... axb5 $2 13. Bc7 $18) 13. Ba4 (13. Bc7 $16 Qe7 14. Qa4) 13... b5 14. Bb3 a5 15. a4 Ba6 16. Re1 Rc8 17. Rxc8 Qxc8 18. Qd2 b4 19. Rc1 Bc4 20. Bd1 Qa8 $1 21. b3 Ba6 22. Be2 Nf6 23. Bxa6 Qxa6 24. Qc2 Bf8 (24... Ne4 $11 {hält das Gleichgewicht.}) 25. Ne5 Ne4 26. Qc7 Re7 27. Qd8 Qd6 28. Qxd6 $2 (28. Qa8 g5 {[#]} 29. Ng6 $1 ) 28... Nxd6 29. Nxg6 hxg6 30. Bxd6 Ra7 31. Rc8 Kg7 32. Bxf8+ Kf6 33. Bc5 Ra6 34. Kf1 Kf5 35. Ke2 f6 36. f3 e5 37. Rd8 Rc6 38. Rxd5 Rc7 39. Kd3 Rh7 40. h3 Ke6 41. Rd6+ Kf5 42. Ra6 Rd7 43. Rxa5 Kg5 44. Ra6 f5 45. Rd6 Rh7 46. Bxb4 f4 47. dxe5 Rb7 48. Rd4 $18 fxe3 49. Kxe3 Kf5 50. f4 g5 51. g4+ Kg6 52. f5+ Kh6 53. e6 Kg7 54. Rd7+ 1-0

[Event "Pia Cramling Ladies Open 2018"]
[Site "Stockholm"]
[Date "2018.09.01"]
[Round "2"]
[White "Bengtsson, Jessica"]
[Black "Berg, Maria"]
[Result "1-0"]
[ECO "C68"]
[WhiteElo "1986"]
[BlackElo "1722"]
[Annotator "NA"]
[PlyCount "108"]
[EventDate "2018.09.01"]
[EventType "swiss"]
[EventCountry "SWE"]
[SourceTitle "playchess.com"]
[Source "ChessBase"]
[SourceQuality "1"]
[TimeControl "1800+10"]

1. e4 e5 2. Nf3 Nc6 3. Bb5 a6 4. Bxc6 dxc6 5. Nc3 Bg4 6. h3 Bxf3 $1 7. Qxf3 {[%emt 0:00:06] LiveBook: 48 Games} Bc5 {[%emt 0:01:00] C68: Spanische Partie (Abtauschvariante)} (7... Qd7 8. d3 f6 9. Bd2 Bd6 10. Qg3 Qf7 11. f4 Ne7 12. O-O Ng6 13. f5 Ne7 14. Qf2 Rg8 15. Kh1 g6 {½-½ (56) Socko,B (2604)-Harikrishna,P (2762) Germany 2017}) 8. O-O Qf6 9. Qg3 Ne7 10. d3 O-O-O $146 ({Vorgänger:} 10... Ng6 11. Bg5 Qd6 12. Ne2 h6 13. Be3 O-O-O 14. Rad1 Bxe3 15. Qxe3 c5 16. a3 {½-½ (66) Acs,G (2240)-Toth,J (2187) Hungary 2007}) 11. Be3 Bd4 12. Na4 Qg6 13. Qh4 f6 14. Nc5 Bxc5 15. Bxc5 Qf7 16. a4 g5 17. Qg4+ Kb8 18. b4 h5 19. Qe2 b6 20. Bxe7 Qxe7 21. b5 cxb5 22. axb5 a5 23. c4 Qc5 24. Rfd1 Rdg8 25. Qe3 Qxe3 26. fxe3 g4 27. hxg4 Rxg4 28. Kf2 Rhg8 29. Rg1 h4 30. Rad1 Kc8 31. Kf3 Rg3+ 32. Kf2 R8g4 33. Ra1 Kd7 34. Rae1 Ke6 35. Kf1 h3 36. Re2 f5 37. exf5+ Kxf5 38. e4+ Ke6 39. Rf2 Rxd3 40. Ke2 Rgg3 $2 (40... Ra3 41. g3 Rxe4+ 42. Kd2 Rd4+ 43. Ke2 Rxc4) 41. Rff1 (41. gxh3 $142 Rge3+ 42. Kf1 Rd1+ 43. Kg2 Rxg1+ 44. Kxg1) 41... Rge3+ (41... Rb3 $142 42. Kf2 Rxg2+ 43. Rxg2 Rb2+ 44. Kg1 Rxg2+ 45. Kh1 Rc2) 42. Kf2 Rxe4 43. gxh3 Rxh3 44. Rg6+ Ke7 45. Rg7+ {[%emt 0:00:03] [#]} Kd6 $1 46. Rg6+ Kc5 47. Rc6+ Kb4 48. Rb1+ Kc3 (48... Rb3 $142 49. Rc1 a4) 49. Rxc7 Rf4+ 50. Kg2 Rh6 51. c5 Rg6+ 52. Kh3 Rf3+ 53. Kh4 bxc5 (53... Kc2 $19 54. Re1 Rf2) 54. b6 $2 (54. Rxc5+ $17 {was the crucial defense.} Kd4 55. Rc8) 54... Rf4+ $11 (54... Rf8 $19 55. Rh7 (55. Kh5 $2 Rg2 $19) 55... a4) 1-0

[Event "Pia Cramling Ladies Open 2018"]
[Site "Stockholm"]
[Date "2018.09.01"]
[Round "2"]
[White "Berg Laachiri, Susanna"]
[Black "Mariano-Wagman, Cristine Rose"]
[Result "0-1"]
[ECO "B01"]
[WhiteElo "1903"]
[BlackElo "1906"]
[Annotator "NA"]
[PlyCount "52"]
[EventDate "2018.09.01"]
[EventType "swiss"]
[EventCountry "SWE"]
[SourceTitle "playchess.com"]
[Source "ChessBase"]
[SourceQuality "1"]
[TimeControl "1800+10"]

1. e4 d5 2. exd5 Qxd5 3. Nc3 Qa5 4. d4 Nf6 5. Nf3 Bg4 6. Be2 (6. h3 $16 Bh5 7. Bd2) 6... Nc6 7. O-O O-O-O 8. Nb5 $19 (8. Ng5 $11 {and White is okay.} Rxd4 9. Qe1) 8... a6 9. Bd2 Qb6 10. Na3 Bxf3 11. Bxf3 Nxd4 12. Be3 e5 13. c3 Bxa3 14. bxa3 Nxf3+ 15. Qxf3 Qe6 16. Rab1 e4 17. Qe2 Rd3 18. Qb2 Qc6 19. c4 Rhd8 20. a4 g6 21. Bg5 R8d6 22. c5 Re6 23. Rfd1 h5 24. Rxd3 exd3 25. Qc3 Ne4 26. Qxd3 Nxg5 0-1

[Event "Pia Cramling Ladies Open 2018"]
[Site "Stockholm"]
[Date "2018.09.01"]
[Round "2"]
[White "Rinne, Heini"]
[Black "Tuominen, Tanja"]
[Result "1/2-1/2"]
[ECO "D13"]
[WhiteElo "1760"]
[BlackElo "2076"]
[Annotator "NA"]
[PlyCount "67"]
[EventDate "2018.09.01"]
[EventType "swiss"]
[EventCountry "SWE"]
[SourceTitle "playchess.com"]
[Source "ChessBase"]
[SourceQuality "1"]
[TimeControl "1800+10"]

1. d4 d5 2. c4 c6 3. cxd5 cxd5 4. Nf3 Nc6 5. Nc3 Nf6 6. Bf4 a6 7. Rc1 Bf5 8. e3 e6 9. Bd3 {[%emt 0:08:44] D13: Slav Defence: Exchange variation without ...Bf5} (9. Qb3 Ra7 10. Be2 Be7 11. O-O O-O 12. Na4 Nd7 13. h3 Na5 14. Qc3 Nc4 15. b3 Nd6 16. Nc5 Nxc5 17. dxc5 {1-0 (48) Xiong,J (2665)-Jumabayev,R (2621) Saint Louis 2018}) 9... Bxd3 10. Qxd3 Be7 11. O-O {[%emt 0:01:36] LiveBook: 15 Games} Nh5 12. Na4 $146 ({Predecessor:} 12. Be5 O-O 13. Na4 Qa5 14. Nc5 b5 15. Nd7 Rfc8 16. g4 Qd8 {½-½ (31) Khamdamov,S (2288)-Akkozov,B (2368) Tashkent 2011}) 12... O-O 13. Nc5 Bxc5 14. Rxc5 Nxf4 15. exf4 Qd6 16. g3 b6 17. Rc3 Nb4 18. Qb1 Rac8 19. Rfc1 Rc4 $16 20. Rxc4 dxc4 21. Rxc4 b5 22. Ng5 g6 23. Ne4 Qe7 24. Rc5 Rd8 25. a3 Nd5 26. Qc2 b4 27. Rc8 bxa3 28. bxa3 Kg7 29. Rxd8 Qxd8 30. Qb2 Qa5 31. Nc5 h5 32. Qb7 Nc7 33. Qb4 Qb5 34. Qxb5 1/2-1/2

[Event "Pia Cramling Ladies Open 2018"]
[Site "Stockholm"]
[Date "2018.09.01"]
[Round "2"]
[White "Nilsson, Kajsa 2002"]
[Black "Johansson-Ohman, Linnea"]
[Result "1-0"]
[ECO "B18"]
[WhiteElo "1704"]
[BlackElo "1495"]
[Annotator "NA"]
[PlyCount "61"]
[EventDate "2018.09.01"]
[EventType "swiss"]
[EventCountry "SWE"]
[SourceTitle "playchess.com"]
[Source "ChessBase"]
[SourceQuality "1"]
[TimeControl "1800+10"]

1. e4 c6 2. d4 d5 3. Nc3 dxe4 4. Nxe4 Bf5 5. Ng3 Bg6 6. Nf3 Nf6 7. Bd3 Bxd3 8. Qxd3 e6 9. Bg5 Nbd7 10. O-O-O Qc7 11. Rhe1 h6 12. Bd2 O-O-O 13. Qe2 Kb8 14. Ne4 Nd5 15. g3 Ka8 16. c4 N5f6 17. Bf4 Qb6 18. Rd3 Nxe4 19. Qxe4 Nf6 20. Qe2 Be7 21. Rb3 Qa6 22. Kb1 Nh5 23. Be3 Rhf8 24. Ne5 Bd6 25. Qxh5 Bxe5 26. Qxe5 Qxc4 27. Rc1 Qe2 28. Qc7 Rb8 29. Ra3 Qb5 30. d5 exd5 31. Rxa7# 1-0

[Event "Pia Cramling Ladies Open 2018"]
[Site "Stockholm"]
[Date "2018.09.01"]
[Round "2"]
[White "Ristoja, Aulikki"]
[Black "Fransson, Angelina"]
[Result "0-1"]
[ECO "A45"]
[WhiteElo "1530"]
[BlackElo "2004"]
[Annotator "NA"]
[PlyCount "86"]
[EventDate "2018.09.01"]
[EventType "swiss"]
[EventCountry "SWE"]
[SourceTitle "playchess.com"]
[Source "ChessBase"]
[SourceQuality "1"]
[TimeControl "1800+10"]

1. d4 Nf6 2. Bf4 g6 3. Nc3 d5 {[%emt 0:01:22] A45: Trompowsky Attack} 4. f3 (4. e3 Bg7 5. h4 h5 6. Nf3 Bg4 7. Be2 Bxf3 8. Bxf3 c6 9. Qd2 Nbd7 10. O-O-O b5 11. Kb1 {½-½ (34) Aronian,L (2797)-Vachier Lagrave,M (2793) Caleta 2018}) 4... Bg7 5. Qd2 {[%emt 0:00:22] LiveBook: 7 Games} O-O (5... c5 $5) 6. g4 c6 7. h4 {[%emt 0:01:20] [#]} Re8 $146 (7... c5 $1 $15 8. e3 (8. dxc5 d4 $15) 8... cxd4 9. exd4 h5) ({Predecessor:} 7... b5 8. Bh6 a5 9. h5 Nbd7 10. Bxg7 Kxg7 11. hxg6 fxg6 {0-1 (56) Balazs,B (1300)-Koch,E (1306) Gross Doelln 2010}) 8. Bh6 Bh8 9. h5 Nfd7 ({Black should play} 9... Nbd7 $14) 10. hxg6 fxg6 11. e4 e5 12. dxe5 Nxe5 13. O-O-O d4 14. Qxd4 Qxd4 15. Rxd4 Nf7 16. Rd2 Nxh6 17. Rxh6 Be5 18. Bc4+ Kg7 19. Rhh2 Bxh2 20. Rxh2 Nd7 21. a4 Ne5 22. Be2 Be6 23. b3 Rad8 24. Nh3 {[%emt 0:00:42] [#]} (24. g5 $17 {was worth a try.}) 24... Rf8 $1 25. Ng5 Bg8 26. Bd1 h6 27. Nh3 Nxf3 28. Rf2 Ne5 29. Rxf8 Kxf8 30. Nf4 g5 31. Nh5 Be6 32. Ng3 Nxg4 33. Bxg4 Bxg4 34. Kb2 Kf7 35. b4 Ke6 36. b5 Ke5 37. Kb3 h5 38. Nf1 Be6+ 39. Kb4 Rd4+ 40. Ka3 h4 41. Ne3 h3 42. bxc6 bxc6 43. Ne2 Rxe4 0-1

[Event "Pia Cramling Ladies Open 2018"]
[Site "Stockholm"]
[Date "2018.09.01"]
[Round "3"]
[White "Reizniece-Ozola, Dana"]
[Black "Rinne, Heini"]
[Result "1-0"]
[ECO "A10"]
[WhiteElo "2304"]
[BlackElo "1760"]
[Annotator "NA"]
[PlyCount "63"]
[EventDate "2018.09.01"]
[EventType "swiss"]
[EventCountry "SWE"]
[SourceTitle "playchess.com"]
[Source "ChessBase"]
[SourceQuality "1"]
[TimeControl "1800+10"]

1. c4 g6 2. Nc3 Bg7 3. g3 d6 4. Bg2 e5 5. e3 Ne7 {[%emt 0:01:48] LiveBook: 51 Games} 6. Nge2 O-O 7. O-O Nd7 {[%emt 0:00:56] A21: Englische Eröffnung} 8. f4 $146 ({Vorgänger:} 8. d4 exd4 9. exd4 Re8 10. b3 Nf5 11. Bb2 c6 12. Qd2 Nf6 13. Rfe1 h6 14. h3 g5 15. d5 {½-½ (42) Flores,D (2569)-Vajda,L (2582) Dresden 2008}) 8... Nb6 9. d3 a5 10. Rb1 Nc6 11. Nd5 Nxd5 12. cxd5 Ne7 13. Bd2 b6 14. Qc2 Ba6 15. Rbc1 Rc8 16. a3 f5 17. Bc3 c6 (17... Qd7 $11) 18. dxc6 Nxc6 19. Qb3+ Kh8 {[%emt 0:00:07] [#]} 20. Bxc6 $1 Rxc6 21. Bxe5 $1 Rxc1 $18 (21... Rc5 $16 22. Bxg7+ Kxg7) 22. Bxg7+ Kxg7 23. Rxc1 Re8 24. Qc3+ Kh6 25. Qd4 Qe7 26. Kf2 g5 27. fxg5+ Kxg5 28. Rc6 Qe5 29. Qh4+ Kg6 30. Nf4+ Kg7 31. Rc7+ Kf8 32. Qh6+ 1-0

[Event "Pia Cramling Ladies Open 2018"]
[Site "Stockholm"]
[Date "2018.09.01"]
[Round "3"]
[White "Tetenkina, Irina"]
[Black "Johansson, Viktoria"]
[Result "0-1"]
[ECO "A04"]
[WhiteElo "2214"]
[BlackElo "2106"]
[Annotator "NA"]
[PlyCount "61"]
[EventDate "2018.09.01"]
[EventType "swiss"]
[EventCountry "SWE"]
[SourceTitle "playchess.com"]
[Source "ChessBase"]
[SourceQuality "1"]
[TimeControl "1800+10"]

1. Nf3 c5 2. c4 Nc6 3. g3 g6 4. Bg2 Bg7 5. O-O e5 6. Nc3 Nge7 7. d3 d6 8. Ne1 Be6 9. Nc2 d5 10. cxd5 Nxd5 11. Ne3 {[%emt 0:00:20] A37: Symmetrical English vs ...g6: 4 Bg2 Bg7 5 Nf3} Nde7 12. Ne4 (12. Nc4 O-O 13. a4 Rb8 14. a5 h6 15. f4 Kh7 16. fxe5 Nxe5 17. Bf4 Bxc4 18. dxc4 Nxc4 19. Bxb8 Qxb8 {½-½ (40) Cyborowski,L (2543)-Istratescu,A (2651) Legnica 2013}) 12... b6 $1 {[%emt 0:01:20] LiveBook: 16 Games} 13. Bd2 O-O 14. Bc3 $146 ({Predecessor:} 14. Ng5 Bd7 15. a3 h6 16. Nf3 a5 17. a4 Be6 18. Bc3 Rb8 {0-1 (56) Sedlacek,P (2222)-Nagy,G (2403) Slovakia 2015}) 14... Rc8 15. Nc4 Nf5 16. a4 Ncd4 17. Kh1 (17. b4 $11) 17... h5 18. h4 Bd5 19. Ne3 $2 (19. e3 $11 Nc6 20. Qb3) 19... Nxe3 20. fxe3 Nf5 21. Rf3 Qe7 22. Kh2 Bh6 (22... Nh6 $19 23. a5 Ng4+ 24. Kg1 b5) 23. Qg1 Rcd8 24. Bh3 {[%emt 0:00:07] [#]} Bxe4 $1 25. dxe4 $17 Nd6 26. g4 Qxh4 27. Be1 Qg5 28. gxh5 Qxh5 29. Bg3 Nxe4 30. Raf1 Ng5 31. Ra1 0-1

[Event "Pia Cramling Ladies Open 2018"]
[Site "Stockholm"]
[Date "2018.09.01"]
[Round "3"]
[White "Andersson, Christin"]
[Black "Fransson, Pia"]
[Result "1/2-1/2"]
[ECO "B01"]
[WhiteElo "2077"]
[BlackElo "1549"]
[Annotator "NA"]
[PlyCount "128"]
[EventDate "2018.09.01"]
[EventType "swiss"]
[EventCountry "SWE"]
[SourceTitle "playchess.com"]
[Source "ChessBase"]
[SourceQuality "1"]
[TimeControl "1800+10"]

1. e4 d5 2. exd5 Qxd5 3. Nc3 Qd8 4. d4 Nf6 5. Nf3 Bg4 6. Be2 e6 7. Bf4 {[%emt 0:00:15] B01: Skandinavische Verteidigung} (7. O-O c6 8. h3 Bh5 9. a3 Bd6 10. Ne5 Bxe2 11. Qxe2 Nbd7 12. Bg5 Qc7 13. Rfe1 O-O 14. Nxd7 Nxd7 15. Ne4 {1-0 (47) Shkuran,D (2425)-Vovk,Y (2611) Lvov 2016}) 7... Be7 8. O-O O-O 9. Rc1 $146 ({Vorgänger:} 9. h3 Bh5 10. Qd2 c6 11. Rad1 Nbd7 12. Ne5 Bxe2 13. Qxe2 Nd5 14. Nxd5 cxd5 15. Rd3 {1-0 (54) Timoshin,A (1852)-Petrov,D (2260) Tallinn 2018}) 9... Nbd7 10. Ne4 c6 11. c4 Nxe4 12. Qb3 Nb6 13. Rfd1 Bxf3 14. Bxf3 Nd6 15. c5 Nb5 16. cxb6 Qxb6 17. a4 Nxd4 18. Qxb6 Nxf3+ 19. gxf3 axb6 20. Rd7 Bf6 21. Rxb7 Rxa4 22. Be3 Bxb2 23. Rxc6 Bd4 24. Bxd4 Rxd4 25. Rcxb6 Rfd8 26. Rb8 Kf8 27. Kg2 Ke7 28. Rxd8 Rxd8 29. Rb3 Rd4 30. Ra3 Kf6 31. Rb3 h5 32. Rb5 g5 33. Ra5 e5 34. Ra3 Kf5 35. Ra7 f6 36. Ra6 Kg6 37. Ra3 Kf7 38. Ra6 Ke7 39. Ra7+ Rd7 40. Ra3 Ke6 41. Rb3 Rd6 42. Ra3 Kf5 43. Rb3 Kf4 44. Ra3 f5 45. Rb3 Rd4 46. Ra3 g4 47. fxg4 hxg4 48. Re3 e4 49. Re2 Rd3 50. Ra2 Ke5 51. Ra5+ Rd5 52. Ra2 f4 53. Rb2 e3 54. fxe3 fxe3 55. Kf1 $2 (55. Rb1 $17) 55... Ke4 56. Ke1 Kf3 57. Rb8 Re5 $2 (57... Rh5 $19 58. Rf8+ Kg2) 58. Rf8+ Kg2 (58... Ke4 $5 59. Ke2 $8 Rh5 60. Re8+ Kf4 61. Rf8+ Ke5 $11) 59. Rh8 Kf3 60. Rf8+ Kg2 61. Rh8 Re4 62. Ke2 g3 $11 63. hxg3 Kxg3 64. Rg8+ Rg4 1/2-1/2

[Event "Pia Cramling Ladies Open 2018"]
[Site "Stockholm"]
[Date "2018.09.01"]
[Round "3"]
[White "Tuominen, Tanja"]
[Black "Cramling Bellon, Anna"]
[Result "1-0"]
[ECO "B50"]
[WhiteElo "2076"]
[BlackElo "2009"]
[Annotator "NA"]
[PlyCount "101"]
[EventDate "2018.09.01"]
[EventType "swiss"]
[EventCountry "SWE"]
[SourceTitle "playchess.com"]
[Source "ChessBase"]
[SourceQuality "1"]
[TimeControl "1800+10"]

1. e4 c5 2. Nf3 d6 3. c3 Nf6 4. Bd3 Nc6 5. O-O Bg4 6. h3 {[%emt 0:00:51] B50: Sicilian: 2...d6, Miscellaneous} (6. Re1 e6 7. h3 Bh5 8. Bf1 Be7 9. d3 O-O 10. Nbd2 d5 11. exd5 Nxd5 12. g3 Qc7 13. Bg2 Rad8 {½-½ (80) Miroshnichenko,E (2621)-Areshchenko,A (2691) Kiev 2012}) 6... Bh5 7. Bc2 e6 8. d3 Be7 9. Bg5 $146 ({Predecessor:} 9. Nbd2 Qc7 10. Re1 O-O-O 11. a3 g5 12. Nc4 g4 13. hxg4 Nxg4 {½-½ (90) Kovalevskaya,E (2405)-Bodnaruk,A (2428) St Petersburg 2017}) 9... h6 10. Be3 g5 11. d4 g4 12. hxg4 Bxg4 13. Nbd2 cxd4 14. cxd4 Qa5 15. e5 dxe5 16. Nc4 Qd5 17. Ncxe5 Nxe5 18. dxe5 Bxf3 19. Qxf3 Qxf3 20. gxf3 Nd7 21. Ba4 a6 $16 22. Bb6 Bd8 23. Rfd1 Bxb6 24. Rxd7 Bxf2+ 25. Kxf2 b5 26. Bxb5 axb5 27. Rb7 O-O 28. Rxb5 Rfc8 29. a3 Rc4 30. Rg1+ Kf8 31. Ke3 Rc2 32. Rd1 Rac8 33. Rb7 R2c7 34. Rxc7 Rxc7 35. b4 Ra7 36. Ra1 Ke7 37. a4 Kd7 38. b5 Ra5 39. Kd4 Kc7 40. Kc5 h5 41. Kb4 Ra8 42. Rc1+ Kb7 43. a5 h4 44. a6+ Kb8 45. Rh1 Kc7 46. Rxh4 Rd8 47. Rc4+ Kb8 48. b6 Rd5 49. Rc7 Rxe5 50. a7+ Ka8 51. Rc8+ 1-0